 Dungeon Crawl Stone Soup version 0.31.0-11-ge490571c62 (webtiles) character file.

Game seed: 10924933744119853280

147 Minsecho the Conjurer (level 5, -1/26 (31) HPs)
             Began as a Tengu Reaver on Feb 11, 2024.
             Slain by an ogre
             ... wielding a +0 giant spiked club
              (27 damage)
             ... on level 4 of the Dungeon.
             The game lasted 00:05:03 (2311 turns).

Minsecho the Conjurer (Tengu Reaver)                Turns: 2311, Time: 00:05:04

HP:   -1/26 (31)    AC:  6    Str: 13    XL:     5   Next: 29%
MP:   8/9           EV: 11    Int: 13    God:
Gold: 113           SH:  0    Dex: 14    Spells: 1/8 levels left

rFire   . . .        f - +0 long sword
rCold   . . .        (no shield)
rNeg    . . .        l - +0 ring mail
rPois   .            (helmet restricted)
rElec   .            j - +0 cloak
rCorr   .            (no gloves)
SInv    .            (boots unavailable)
Will    .....        (no amulet)
Stlth   +            (no ring)
HPRegen 0.24/turn    (no ring)
MPRegen 0.11/turn

%: acrobat
@: heavily drained
A: beak, talons 3, acrobatic
a: no special abilities


You were on level 4 of the Dungeon.
You visited 1 branch of the dungeon, and saw 4 of its levels.

You collected 113 gold pieces.

Inventory:

Hand Weapons
 a - a +0 falchion
 f - a +0 long sword (weapon)
Missiles
 h - 4 boomerangs (quivered)
Armour
 b - a +0 leather armour
 j - a +0 cloak (worn)
 l - a +0 ring mail (worn)
Jewellery
 d - a ring of ice
Scrolls
 g - a scroll of noise {unknown}
 m - 2 scrolls of identify {unknown}
 n - a scroll of fear {unknown}
Potions
 c - a potion of might
 e - 2 potions of ambrosia {unknown}
 i - a potion of enlightenment {unknown}


   Skills:
 + Level 2.3 Fighting
 + Level 4.6 Long Blades
 + Level 2.4 Armour
 + Level 2.6 Dodging
 + Level 0.5 Stealth
 + Level 2.2 Spellcasting
 + Level 4.6 Conjurations


You had one spell level left.
You knew the following spells:

 Your Spells              Type           Power      Damage    Failure   Level
a - Kiss of Death         Conj/Necr      28%        2d7       21%         1
b - Sting                 Conj/Alch      28%        1d4       21%         1
c - Momentum Strike       Conj/Tloc      14%        3d8       30%         2
d - Hailstorm             Conj/Ice       7%         3d5       52%         3

Your spell library contained the following spells:

 Spells                   Type           Power      Damage    Failure   Level
 Mercury Vapours          Alch/Air       2%         N/A       61%         2
 Frozen Ramparts          Ice            2%         1d1       83%         3
 Leda's Liquefaction      Alch/Erth      0%         N/A       99%         4
 Olgreb's Toxic Radiance  Alch           1%         N/A       99%         4
 Petrify                  Alch/Erth      1%         N/A       99%         4
 Metabolic Englaciation   Hex/Ice        0%         N/A       100%        5


Dungeon Overview and Level Annotations

Branches:
Dungeon (4/15)
 Temple: D:4-7

Altars:
Zin


Innate Abilities, Weirdness & Mutations

You have a beak for a mouth.
You have claws for feet.
You can magically evade attacks while moving or waiting.


Message History

A bombardier beetle comes into view.
A bombardier beetle is nearby!
An ogre comes into view. It is wielding a +0 giant spiked club.
The ogre shouts!
A kobold comes into view. It is wielding a +0 dagger.
There is a large open door here.
Throw: 4 boomerangs
Press: ? - help, Q - select action, (/) - cycle Shift-Dir - straight line, f - bombardier beetle
Aim: a bombardier beetle (68% to hit)
You throw a boomerang. The kobold shouts!
The boomerang hits the bombardier beetle.
The bombardier beetle is lightly wounded.
You hit the bombardier beetle but do no damage.
Your kick misses the bombardier beetle. You peck the bombardier beetle.
The bombardier beetle is moderately wounded.
The bombardier beetle misses you.
You hit the bombardier beetle.
You peck the bombardier beetle, but do no damage.
The bombardier beetle is moderately wounded.
The bombardier beetle waves its antennae.
The bombardier beetle bites you.
You hit the bombardier beetle.
The bombardier beetle is heavily wounded.
You slash the bombardier beetle!
You kill the bombardier beetle!
Your Armour skill increases to level 2!
You have reached level 5!
Okay, then.
Casting: Kiss of Death (safe; 21% risk of failure)
Confirm with . or Enter, or press ? or * to list all spells.
Aiming: Kiss of Death (safe; 21% risk of failure)
Press: ? - help, Shift-Dir - straight line, f - ogre
Aim: an ogre, wielding a +0 giant spiked club (100% to hit)
The negative energy hits the ogre!
The ogre is drained!
The ogre is moderately wounded.
You feel drained.
The ogre hits you with a +0 giant spiked club!!
Ouch! That really hurt!
You die...

. .. ... ....
########## .....
#........##......
#....<...@OK.....
#........##......
#........# ...#.
#..†.....# ..#
#........# .#
#........# #
#........#
##########


You could see an ogre (drained) and a kobold.

Vanquished Creatures
  A bombardier beetle (D:4)
  Crazy Yiuf (D:2)
  An orc wizard (D:3)
  An adder (D:3)
  A dart slug (D:2)
  A ribbon worm (D:3)
  4 orcs (D:3)
  3 endoplasms
  2 giant cockroaches
  6 hobgoblins
  A quokka (D:1)
  5 ball pythons
  3 bats
  A frilled lizard (D:2)
  5 goblins
  4 rats
40 creatures vanquished.

Notes
Turn   | Place    | Note
-------+----------+-------------------------------------------
     0 | D:1      | Minsecho the Tengu Reaver began the quest for the Orb.
     0 | D:1      | Reached XP level 1. HP: 12/12 MP: 4/4
    58 | D:1      | Found a faded altar of an unknown god.
   258 | D:1      | Reached XP level 2. HP: 17/17 MP: 6/6
  1120 | D:2      | Reached XP level 3. HP: 18/21 MP: 7/7
  1390 | D:2      | Found a runed translucent door.
  1391 | D:2      | Noticed Crazy Yiuf
  1396 | D:2      | Killed Crazy Yiuf
  1397 | D:2      | Reached skill level 1 in Armour
  1655 | D:3      | Reached XP level 4. HP: 23/26 MP: 8/8
  1719 | D:3      | Found a glowing silver altar of Zin.
  1918 | D:3      | Gained mutation: You are robust. (+10% HP) [potion of
                  | mutation]
  1918 | D:3      | Lost mutation: You are robust. (+10% HP) [potion of
                  | mutation]
  2271 | D:3      | Learned a level 1 spell: Sting
  2274 | D:3      | Learned a level 2 spell: Momentum Strike
  2278 | D:3      | Learned a level 3 spell: Hailstorm
  2305 | D:4      | Noticed an ogre
  2311 | D:4      | Reached XP level 5. HP: 30/31 MP: 9/9
  2311 | D:4      | Slain by an ogre

Illustrated notes

Levels and vault maps discovered:
D:1:      minmay_arrival_statue_studded, layout_basic,
          shapermc_ecumenical_altar_gd
D:2:      layout_basic, uniq_crazy_yiuf_cottage
D:3:      layout_loops_ring, mainiacjoe_overflow_24_doors
D:4:      layout_basic, mainiacjoe_overflow_divided_tiny, chequers_jeans,
          serial_bayou_pond_b, uniq_pikel, uniq_eustachio

Skill      XL: |  1  2  3  4 |
---------------+-------------+-----
Armour         | 1 2 |  2.4
Long Blades    | 4 |  4.6
Fighting       | |  2.3
Dodging        | |  2.6
Stealth        | |  0.5
Spellcasting   | |  2.2
Conjurations   | |  4.6

Action                     |  1- 3 |  4- 6 || total
---------------------------+-------+-------++-------
  Melee: Falchion          |    35 |       ||    35
         Kick              |     7 |     8 ||    15
         Peck              |     4 |     8 ||    12
         Long sword        |    20 |    42 ||    62
  Throw: Boomerang         |       |     1 ||     1
   Cast: Kiss of Death     |     1 |     1 ||     2
    Use: Potion            |       |     4 ||     4
   Stab: Sleeping          |     1 |       ||     1
 Armour: Leather armour    |    17 |       ||    17
         Ring mail         |     4 |    33 ||    37
  Dodge: Dodged            |    46 |    16 ||    62
